 Dungeon Crawl Stone Soup version 0.21.1-1-g345015fe64 (webtiles) character file.

20374 Oravi the Transmogrifier (level 12, -2/95 HPs)
             Began as a Merfolk Transmuter on May 4, 2018.
             Was the Champion of Okawaru.
             Slain by an ettin
             ... wielding a +0 great mace
              (37 damage)
             ... on level 13 of the Dungeon.
             The game lasted 00:57:28 (14735 turns).

Oravi the Transmogrifier (Merfolk Transmuter)      Turns: 14735, Time: 00:57:28

Health: -2/95      AC: 11    Str: 12    XL:     12   Next: 78%
Magic:  1/23       EV: 23    Int: 16    God:    Okawaru [******]
Gold:   873        SH:  0    Dex: 14    Spells: 5/26 levels left

rFire    . . .     SeeInvis .     - Unarmed
rCold    . . .     Gourm    +   (shield currently unavailable)
rNeg     . . .     Faith    .   K - +0 steam dragon scales
rPois    +         Spirit   .   h - +0 helmet
rElec    .         Reflect  .   (no cloak)
rCorr    .         Harm     .   (gloves currently unavailable)
MR       .....                  j - +1 pair of boots
Stlth    +++.......             w - amulet of the gourmand
HPRegen  0.25/turn              p - ring of poison resistance
MPRegen  0.18/turn              x - +2 ring of protection

@: blade hands (expiring), heroism, very slightly contaminated
A: change form in water, swift swim, stealthy swim
a: End Transformation, Heroism, Finesse, Renounce Religion


You were on level 13 of the Dungeon.
You worshipped Okawaru.
Okawaru was exalted by your worship.
You were very full.
You had blades for hands.
You visited 2 branches of the dungeon, and saw 14 of its levels.
You also visited: Sewer and Bailey.

You collected 948 gold pieces.
You spent 75 gold pieces at shops.

Inventory:

Hand Weapons
 k - a +4 spear
 l - a +2 spear of venom
 E - the +12 glaive of Prune {chop}
   (You found it on level 8 of the Dungeon)

   It inflicts extra damage upon your enemies.
Missiles
 a - 133 arrows
Armour
 h - a +0 helmet (worn)
 j - a +1 pair of boots (worn)
 n - a cursed -2 leather armour
 K - +0 steam dragon scales (worn)
Magical Staves
 G - an uncursed staff of summoning
 R - a cursed staff of conjuration {unknown}
Jewellery
 p - a ring of poison resistance (left scythe-like blade)
 w - an amulet of the gourmand (around neck)
 x - a +2 ring of protection (right scythe-like blade)
 L - an uncursed ring of resist corrosion
 O - an uncursed amulet of regeneration {unknown}
Wands
 v - a wand of paralysis (10)
 J - a wand of polymorph (21)
 Q - a wand of flame (45)
 T - a wand of acid (10)
Scrolls
 e - 2 scrolls of remove curse
 f - 5 scrolls of identify
 g - 3 scrolls of fear
 o - a scroll of amnesia
 q - 2 scrolls of magic mapping
 C - a scroll of fog
 I - 2 scrolls of enchant weapon
 M - a scroll of enchant armour
 N - 4 scrolls of teleportation
 P - a scroll of noise {unknown}
 V - a scroll of blinking
Potions
 b - a potion of agility {unknown}
 i - 3 potions of brilliance
 r - a potion of haste
 t - 3 potions of flight
 u - a potion of heal wounds
 z - a potion of might
 A - a potion of mutation
 B - a potion of curing
 D - 5 potions of resistance
 H - a potion of degeneration {unknown}
 U - a potion of lignification {unknown}
Books
 c - a book of Changes

   Spells                             Type                      Level
   a - Beastly Appendage              Transmutation                1
   b - Sticks to Snakes               Transmutation                2
   c - Spider Form                    Transmutation/Poison         3
   d - Ice Form                       Ice/Transmutation            4
   e - Blade Hands                    Transmutation                5
 m - a book of Necromancy

   Spells                             Type                      Level
   a - Pain                           Necromancy                   1
   b - Animate Skeleton               Necromancy                   1
   c - Vampiric Draining              Necromancy                   3
   d - Regeneration                   Charms/Necromancy            3
   e - Animate Dead                   Necromancy                   4
   f - Borgnjor's Vile Clutch         Necromancy/Earth             5
 s - a book of Frost

   Spells                             Type                      Level
   a - Freeze                         Ice                          1
   b - Throw Frost                    Conjuration/Ice              2
   c - Ozocubu's Armour               Charms/Ice                   3
   d - Throw Icicle                   Conjuration/Ice              4
   e - Summon Ice Beast               Ice/Summoning                4
 y - a book of Maledictions

   Spells                             Type                      Level
   a - Corona                         Hexes                        1
   b - Ensorcelled Hibernation        Hexes/Ice                    2
   c - Confuse                        Hexes                        3
   d - Tukima's Dance                 Hexes                        3
   e - Dazzling Spray                 Conjuration/Hexes            3
 F - a book of Misfortune

   Spells                             Type                      Level
   a - Confusing Touch                Hexes                        1
   b - Confuse                        Hexes                        3
   c - Gell's Gravitas                Translocation                3
   d - Petrify                        Transmutation/Earth          4
   e - Metabolic Englaciation         Hexes/Ice                    5
   f - Yara's Violent Unravelling     Hexes/Transmutation          5
 S - a book of Cantrips

   Spells                             Type                      Level
   a - Confusing Touch                Hexes                        1
   b - Animate Skeleton               Necromancy                   1
   c - Summon Small Mammal            Summoning                    1
   d - Apportation                    Translocation                1
Comestibles
 d - 29 rations


   Skills:
 + Level 9.1(14.1) Fighting
 + Level 11.0(16.0) Dodging
 + Level 10.2(15.2) Unarmed Combat
 + Level 7.9 Spellcasting
 - Level 5.0 Charms
 + Level 11.7 Transmutations
 - Level 5.0 Ice Magic
 + Level 4.0 Earth Magic
 - Level 3.0 Poison Magic


You had 5 spell levels left.
You knew the following spells:

 Your Spells              Type           Power        Failure   Level  Hunger
a - Spider Form           Tmut/Pois      ####......   19%         3    ##.....
b - Sticks to Snakes      Tmut           #####...     8%          2    None
c - Ice Form              Ice/Tmut       ####....     28%         4    ####...
d - Blade Hands           Tmut           #####.....   24%         5    #####..
e - Petrify               Tmut/Erth      ####....     30%         4    ####...
f - Ozocubu's Armour      Chrm/Ice       ###.....     30%         3    ##.....


Dungeon Overview and Level Annotations

Branches:
Dungeon (13/15)            Temple (1/1) D:4            Lair (0/6) D:8
    Orc (0/2) D:12
 Vaults: D:13-14

Altars:
Ashenzari
Cheibriados
Dithmenos
Elyvilon
Fedhas
Gozag
Hepliaklqana
Kikubaaqudgha
Makhleb
Nemelex Xobeh
Okawaru
Qazlal
Ru
Sif Muna
Trog
Uskayaw
Vehumet
Wu Jian
Xom
Yredelemnul
Zin
The Shining One

Shops:
D:8 *

Annotations:
D:3 1 runed door


Message History

The wizard is moderately wounded.
The wizard shouts, "You are history!"
The wizard hits you with a dagger.
You barely miss the wizard. You slash the wizard!
The wizard is severely wounded.
The ettin misses you. x2; The wizard hits you but does no damage.
You barely miss the wizard.
The wizard is severely wounded.
The ettin hits you with a great mace!! The ettin closely misses you.
You slice the wizard!!
You kill the wizard!
Okawaru accepts your kill.
Your Dodging skill increases to level 11!
Your Earth Magic skill increases to level 4!
You gain the combat prowess of a mighty hero.
The ettin hits you with a great mace!! The ettin closely misses you.
You slice the ettin!!
The ettin is moderately wounded.
The ettin barely misses you. The ettin hits you with a great mace!!!
You die...

###.(..# #.......#.....#
#.##...# ...)#.##
#.............# #.###..#
###)#.# #.##########..###.#
#.>. #)#.# #.#.).
#......###### #.#.# #.#.W#
#............ # #.#.# #.#..#
#......###### ###.#.# #.#..#
#......# ....#.#
#.#..#######......#
##..#.####.#..WC@).........#
##..#......#####...##......#
....#.###..............##..#
##.##.# #################..#
##.##.# #..# ##.##.# #..#
##.##.# #..# #.##.# #..# #.#
#..#


You could see an ettin and a phantasmal warrior.

Vanquished Creatures
  Josephine (D:11)
  Erolcha (D:10)
  3 two-headed ogres
  Sonja (D:12)
  Nergalle (D:10)
  A wizard (D:13)
  Pikel (D:4)
  A polar bear (shapeshifter) (D:13)
  3 trolls
  A hornet (shapeshifter) (D:13)
  3 hornets
  2 slime creatures (D:12)
  4 hippogriffs
  2 wyverns
  4 wraiths (D:11)
  2 humans (D:8)
  13 yaks
  A hungry ghost (D:13)
  4 vampire mosquitoes (D:12)
  2 steam dragons
  2 soldier ants (D:11)
  3 wargs (D:8)
  7 ice beasts
  8 orc warriors
  A sky beast (D:8)
  A phantom (D:8)
  12 ogres
  3 centaurs
  3 big kobolds
  9 bullfrogs
  A gnoll sergeant (D:9)
  A wyvern skeleton (D:7)
  3 scorpions
  A water moccasin skeleton (D:6)
  7 killer bees
  5 wights (D:10)
  6 howler monkeys
  9 crimson imps
  2 bullfrog zombies
  5 hounds
  2 jellies (D:10)
  6 orc priests
  4 centaur skeletons
  7 iguanas
  2 bullfrog skeletons
  10 orc wizards
  Terence (D:2)
  11 worker ants
  3 hound skeletons
  A worker ant zombie (D:8)
  Robin (D:3)
  17 gnolls
  4 river rats
  14 adders
  6 shadow imps
  An adder skeleton (D:9)
  2 worms
  5 dart slugs
  6 leopard geckos
  42 orcs
  A ball python (D:5)
  10 bats
  3 giant cockroaches
  24 goblins
  11 hobgoblins
  15 jackals
  31 kobolds
  9 quokkas
  8 frilled lizards
  A jackal zombie (D:6)
  A leopard gecko skeleton (D:4)
  2 quokka skeletons
  A quokka zombie (D:9)
  17 rats
419 creatures vanquished.

Vanquished Creatures (collateral kills)
  Joseph (D:10)
1 creature vanquished.

Grand Total: 420 creatures vanquished

Notes
Turn   | Place    | Note
-------+----------+-------------------------------------------
     0 | D:1      | Oravi the Merfolk Transmuter began the quest for the Orb.
     0 | D:1      | Reached XP level 1. HP: 15/15 MP: 3/3
   170 | D:1      | Reached XP level 2. HP: 15/21 MP: 3/5
   343 | D:1      | Reached XP level 3. HP: 20/26 MP: 4/6
   347 | D:1      | Learned a level 2 spell: Sticks to Snakes
   351 | D:1      | Learned a level 3 spell: Spider Form
  1161 | D:2      | Reached skill level 1 in Poison Magic
  1223 | D:2      | Reached XP level 4. HP: 32/32 MP: 3/7
  1398 | D:2      | Noticed Terence
  1410 | D:2      | Killed Terence
  1410 | D:2      | Reached XP level 5. HP: 37/37 MP: 2/8
  2022 | D:3      | Found a radiant altar of Vehumet.
  2197 | D:3      | Noticed an ogre
  2209 | D:3      | Killed an ogre
  2209 | D:3      | Reached skill level 5 in Transmutations
  2209 | D:3      | Reached XP level 6. HP: 44/44 MP: 5/9
  2231 | D:3      | Reached skill level 5 in Unarmed Combat
  2516 | D:3      | Noticed Robin
  2528 | D:3      | Killed Robin
  2723 | D:3      | Found an opulent altar of Gozag.
  2809 | D:3      | Learned a level 4 spell: Ice Form
  2845 | D:3      | Found a runed door.
  3096 | D:4      | Found an ornate altar of the Wu Jian Council.
  3126 | D:4      | Found a staircase to the Ecumenical Temple.
  3194 | D:4      | Reached XP level 7. HP: 51/51 MP: 6/11
  3208 | D:4      | Found a sparkling altar of Nemelex Xobeh.
  3333 | D:4      | Noticed Pikel
  3718 | D:4      | Killed Pikel
  3718 | D:4      | Reached skill level 5 in Dodging
  3718 | D:4      | Reached XP level 8. HP: 43/60 MP: 10/13
  4267 | D:5      | Entered Level 5 of the Dungeon
  4532 | D:5      | Found a glowing drain.
  4536 | Sewer    | Entered a sewer
  4697 | Sewer    | Found a glowing silver altar of Zin.
  4740 | D:5      | Learned a level 5 spell: Blade Hands
  4993 | D:5      | Found a white marble altar of Elyvilon.
  5074 | D:5      | Reached XP level 9. HP: 65/66 MP: 13/15
  5271 | D:5      | Found a basalt altar of Yredelemnul.
  5558 | D:6      | Reached skill level 5 in Fighting
  5657 | D:6      | Reached skill level 5 in Spellcasting
  5792 | D:6      | Noticed a troll
  5802 | D:6      | Killed a troll
  6576 | D:6      | Reached XP level 10. HP: 36/76 MP: 16/18
  6847 | D:7      | Reached skill level 1 in Ice Magic
  6890 | D:7      | Noticed a dagger
  6891 | D:7      | Noticed a hand axe
  6894 | D:7      | Found a hide-covered altar of Uskayaw.
  7237 | D:7      | Found a blossoming altar of Fedhas.
  7864 | Temple   | Entered the Ecumenical Temple
  8281 | D:8      | Found Pac Noup's General Store.
  8297 | D:8      | Bought a potion of heal wounds for 75 gold pieces
  8439 | D:8      | Found the +12 glaive of Prune {chop}
  8446 | D:8      | Found an iron altar of Okawaru.
  8478 | D:8      | Became a worshipper of Warmaster Okawaru
  8616 | D:8      | Found a staircase to the Lair.
  8636 | D:8      | Reached * piety under Okawaru
  9117 | D:8      | Learned a level 3 spell: Ozocubu's Armour
  9418 | D:9      | Reached skill level 1 in Charms
  9424 | D:9      | Found a shattered altar of Ashenzari.
  9434 | D:9      | Reached skill level 10 in Transmutations
  9450 | D:9      | Found a shimmering altar of Xom.
  9450 | D:9      | Found an ancient bone altar of Kikubaaqudgha.
  9736 | D:10     | Entered Level 10 of the Dungeon
  9742 | D:10     | Learned a level 4 spell: Petrify
  9809 | D:10     | Noticed Nergalle
  9823 | D:10     | Killed Nergalle
  9823 | D:10     | Reached ** piety under Okawaru
  9823 | D:10     | Reached XP level 11. HP: 78/84 MP: 8/20
  9947 | D:10     | Reached skill level 1 in Earth Magic
 10009 | D:10     | Noticed Erolcha
 10020 | D:10     | Killed Erolcha
 10020 | D:10     | Reached *** piety under Okawaru
 10067 | D:10     | Found a flagged portal.
 10127 | Bailey   | Entered a bailey
 10357 | Bailey   | Found a bloodstained altar of Trog.
 10736 | D:10     | Noticed Joseph
 10748 | D:10     | Killed Joseph
 10748 | D:10     | Reached **** piety under Okawaru
 10993 | D:11     | Noticed Josephine
 10999 | D:11     | Killed Josephine
 11529 | D:11     | Reached skill level 5 in Ice Magic
 11795 | D:11     | Reached ***** piety under Okawaru
 11795 | D:11     | Reached skill level 10 in Dodging
 11855 | D:11     | Found a shadowy altar of Dithmenos.
 12322 | D:11     | Noticed a two-headed ogre
 12338 | D:11     | Killed a two-headed ogre
 12338 | D:11     | Reached XP level 12. HP: 37/93 MP: 15/22
 12762 | D:12     | Found a staircase to the Orcish Mines.
 13082 | D:12     | Noticed a two-headed ogre
 13159 | D:12     | Killed a two-headed ogre
 13272 | D:12     | HP: 2/94 [slime creature (10)]
 13609 | D:12     | Noticed Sonja
 13637 | D:12     | Killed Sonja
 13637 | D:12     | Reached ****** piety under Okawaru
 14004 | D:12     | Reached skill level 5 in Charms
 14171 | D:13     | Reached skill level 10 in Unarmed Combat
 14178 | D:13     | Noticed a two-headed ogre
 14194 | D:13     | Killed a two-headed ogre
 14720 | D:13     | Paralysed by a wizard for 5 turns
 14723 | D:13     | Noticed an ettin
 14735 | D:13     | Slain by an ettin

Skill      XL: |  1  2  3  4  5  6  7  8  9 10 11 12 |
---------------+-------------------------------------+-----
Transmutations | 3 4 5 6 7 8 10 11 | 11.7
Unarmed Combat | 4 5 6 7 8 9 10 | 10.2
Poison Magic   | 1 2 3 |  3.0
Dodging        | 3 5 6 7 9 10 11 | 11.0
Fighting       | 2 3 4 6 7 8 9 |  9.1
Spellcasting   | 3 4 5 6 7 |  7.9
Ice Magic      | 3 5 |  5.0
Charms         | 1 4 5 |  5.0
Earth Magic    | 2 4 |  4.0

Action                   |  1- 3 |  4- 6 |  7- 9 | 10-12 || total
-------------------------+-------+-------+-------+-------++-------
Melee: Unarmed           |    99 |   180 |   370 |   894 ||  1543
       Headbutt          |     8 |       |       |       ||     8
       Punch             |       |       |       |     3 ||     3
 Cast: Beastly Appendage |    18 |       |       |       ||    18
       Spider Form       |     4 |    31 |    39 |    79 ||   153
       Sticks to Snakes  |       |       |       |    20 ||    20
       Blade Hands       |       |       |       |    15 ||    15
       Ozocubu's Armour  |       |       |       |    10 ||    10
       Ice Form          |       |       |       |     1 ||     1
       Petrify           |       |       |       |     8 ||     8
Invok: Heroism           |       |       |       |     4 ||     4
 Abil: End Transformatio |       |       |       |     9 ||     9
  Use: Scroll            |       |     3 |     7 |     7 ||    17
       Potion            |       |       |     4 |     2 ||     6
 Stab: Sleeping          |       |     4 |     1 |     3 ||     8
       Distracted        |       |       |       |     1 ||     1
       Petrified         |       |       |       |    17 ||    17
       Petrifying        |       |       |       |     3 ||     3
  Eat: Chunk             |     2 |    11 |    29 |    42 ||    84
Armor: Robe              |    13 |     5 |       |     1 ||    19
       Skin              |     2 |     5 |    13 |    30 ||    50
       Steam dragon scal |       |       |       |    35 ||    35
Dodge: Dodged            |    60 |   177 |   379 |   876 ||  1492
